Map: Blackburn LE

Players

uwuThermal (uThermal)

  • Race: Terran Terran
  • League: Master

GunGFuBanDa - Winner!

  • Race: Protoss Protoss
  • League: Grandmaster

Event: DreamHack SC2 Masters 2021 Summer

VOD

Have the link to the VOD?

Description

Time

  • Played on: June 2, 2021, 1:40 p.m.
  • Length: 17:38

All games in this series

Show
View Real Time Build Order
Export as new Build Order

uwuThermal Terran 

Build Orders:  

Get SALT Encoding   

  12  0:00  SCV  
  13  0:12  SCV  
  14  0:17  Supply Depot  
  14  0:24  SCV  
  14  0:28  Refinery  
  15  0:38  SCV  
  16  0:44  Barracks  
  16  0:51  SCV  
  16  0:55  Refinery  
  17  1:03  SCV  
  18  1:15  SCV  
  19  1:31  Reaper, Orbital Command  
  20  1:35  Factory  
  20  1:45  Supply Depot  
  20  1:56  SCV  
  21  2:03  Reaper  
  22  2:08  SCV  
  23  2:19  Hellion  
  23  2:21  SCV  
  26  2:29  Command Center  
  26  2:33  SCV  
  27  2:40  Widow Mine  
  27  2:41  Barracks Reactor  
  29  2:45  SCV  
  29  2:46  Supply Depot  
  30  2:55  Starport  
  30  2:57  SCV  
  29  3:14  SCV  
  29  3:18  Marine x2  
  29  3:19  Factory Tech Lab  
  30  3:26  SCV  
  31  3:31  Viking  
  33  3:36  Marine x2  
  33  3:38  Cyclone, SCV  
  39  3:47  Orbital Command  
  39  3:51  SCV  
  39  3:54  Marine x2  
  40  4:01  Viking  
  42  4:03  SCV  
  43  4:10  Cyclone  
  43  4:12  Marine  
  43  4:13  Marine  
  43  4:15  SCV  
  43  4:16  SCV  
  50  4:18  Supply Depot  
  50  4:27  SCV  
  50  4:28  SCV  
  50  4:29  Marine  
  50  4:30  Marine  
  51  4:33  Viking  
  52  4:39  SCV  
  52  4:40  SCV, Supply Depot  
  52  4:44  Siege Tank  
  57  4:47  Marine  
  57  4:48  Marine  
  57  4:50  Supply Depot  
  57  4:51  SCV  
  60  4:55  SCV  
  61  5:03  Starport Tech Lab, SCV  
  61  5:05  Marine  
  61  5:06  Marine  
  64  5:07  SCV  
  65  5:15  SCV  
  65  5:16  Command Center  
  65  5:20  SCV  
  65  5:21  Supply Depot  
  67  5:22  Siege Tank  
  67  5:27  SCV  
  71  5:29  Marine x2  
  71  5:31  Barracks  
  71  5:33  Raven  
  75  5:38  Barracks  
  75  5:40  SCV  
  76  5:45  SCV  
  76  5:47  Marine  
  76  5:48  Marine  
  79  5:52  SCV  
  77  5:59  Siege Tank  
  77  6:01  Engineering Bay  
  77  6:02  Refinery, SCV, Engineering Bay  
  77  6:03  Refinery  
  81  6:05  SCV, Marine  
  81  6:11  Supply Depot  
  83  6:14  SCV  
  83  6:17  SCV  
  85  6:18  Marine  
  86  6:26  SCV  
  86  6:27  Starport Reactor  
  86  6:29  SCV  
  86  6:31  Marine, Stimpack  
  87  6:34  Marine  
  87  6:38  SCV  
  87  6:39  Marine  
  88  6:48  SCV  
  88  6:49  Marine  
  88  6:51  SCV, Barracks  
  88  6:52  Factory Reactor  
  88  6:53  Barracks  
  91  6:57  Marine  
  91  6:58  Orbital Command, Marauder  
  91  7:00  SCV  
  95  7:03  SCV, Terran Infantry Weapons Level 1  
  95  7:06  Marine  
  95  7:07  Supply Depot  
  97  7:12  SCV, Supply Depot  
  97  7:13  Medivac  
  97  7:15  SCV  
  101  7:19  Marine x2  
  101  7:20  Marauder  
  105  7:23  SCV  
  105  7:25  SCV, Medivac  
  109  7:30  Supply Depot  
  109  7:32  SCV  
  109  7:34  Terran Infantry Armor Level 1  
  109  7:35  Refinery  
  109  7:38  Marine  
  109  7:39  Marauder  
  109  7:41  Marauder  
  112  7:48  Marine  
  112  7:56  SCV  
  111  7:58  Barracks Tech Lab  
  111  7:59  SCV x2  
  111  8:00  Marauder  
  111  8:02  Marauder  
  117  8:06  Barracks Reactor  
  117  8:08  SCV  
  117  8:10  Refinery, Missile Turret  
  117  8:11  SCV  
  117  8:12  SCV, Missile Turret, Combat Shield  
  119  8:13  Marine  
  119  8:19  Marine  
  121  8:20  SCV, Supply Depot  
  121  8:22  Marauder  
  121  8:23  SCV  
  121  8:24  SCV  
  121  8:26  Widow Mine x2  
  130  8:29  Supply Depot  
  130  8:31  Marauder, Marine, Concussive Shells  
  133  8:38  Supply Depot  
  133  8:41  Marine x2  
  133  8:42  SCV  
  133  8:43  Marine, Medivac x2  
  133  8:44  Supply Depot  
  141  8:50  Marine x2  
  141  8:51  Widow Mine x2  
  147  8:58  Armory  
  147  8:59  Supply Depot  
  147  9:00  Marine x2, Missile Turret  
  147  9:01  Marine, Supply Depot  
  150  9:04  SCV  
  150  9:07  Supply Depot  
  150  9:09  Marine x2, Missile Turret  
  154  9:10  Marauder  
  154  9:15  Medivac x2  
  159  9:23  SCV  
  160  9:25  Marauder, Marine  
  160  9:26  Marine  
  160  9:27  Marauder  
  166  9:40  Marauder, Marine  
  166  9:44  Command Center, Ghost Academy  
  169  9:46  Marine  
  169  9:47  Marauder  
  169  9:49  Medivac x2  
  169  9:50  Marauder, Marine  
  169  9:52  SCV  
  178  10:06  Marine  
  178  10:07  Marauder, Marine  
  142  10:08  Marauder  
  142  10:13  Marauder, Marine  
  138  10:15  Terran Infantry Armor Level 2, Terran Infantry Weapons Level 2  
  138  10:18  SCV  
  138  10:19  Medivac x2  
  134  10:23  Marine  
  134  10:24  SCV  
  138  10:29  Barracks  
  138  10:31  Barracks  
  138  10:32  Enhanced Shockwaves  
  138  10:33  Marine  
  138  10:35  Barracks  
  139  10:39  Marine  
  138  10:43  Ghost x2  
  138  10:50  Widow Mine x2  
  138  10:51  SCV, Marine  
  138  10:52  SCV, Marauder, Marine  
  138  10:55  Marine  
  138  10:56  SCV  
  146  11:03  SCV  
  147  11:04  SCV  
  152  11:11  Missile Turret  
  152  11:12  Widow Mine x2, Marauder  
  152  11:14  Ghost  
  156  11:19  Barracks Tech Lab x2, Sensor Tower  
  156  11:20  Missile Turret  
  156  11:21  Barracks Reactor  
  156  11:24  SCV  
  157  11:27  Planetary Fortress  
  157  11:30  SCV, Marine x2  
  160  11:33  Widow Mine x2, Marine  
  160  11:34  Marine  
  160  11:36  Refinery  
  166  11:44  Refinery  
  166  11:48  Command Center  
  166  11:49  Ghost  
  166  11:52  Ghost  
  170  11:54  Missile Turret  
  170  11:55  Ghost  
  170  11:59  Viking  
  174  12:02  Viking  
  176  12:11  Command Center  
  176  12:15  Ghost, Missile Turret  
  178  12:18  Ghost, Missile Turret  
  178  12:21  Ghost  
  182  12:23  Marauder  
  184  12:35  Command Center  
  184  12:37  Marauder, Marine x2  
  183  12:41  Terran Infantry Weapons Level 3  
  183  12:42  Marine x3  
  192  12:44  Marauder  
  192  12:45  Marauder  
  192  12:46  Marine  
  192  12:47  Marauder  
  192  12:50  Marine  
  197  12:59  Marauder  
  199  13:11  Viking  
  195  13:13  Viking  
  185  13:22  Ghost x4  
  185  13:23  Marine x2  
  185  13:24  Marauder, Marine  
  185  13:29  SCV x2  
  185  13:32  SCV  
  186  13:34  Marine  
  186  13:37  Marine x2  
  186  13:41  SCV x2, Viking  
  191  13:42  Supply Depot x2  
  191  13:43  Viking  
  191  13:45  Marauder, Missile Turret  
  191  13:46  SCV  
  196  13:50  Ghost  
  196  13:51  Marauder  
  200  14:00  Planetary Fortress  
  200  14:01  Planetary Fortress  
  200  14:05  Missile Turret  
  200  14:13  SCV  
  200  14:16  Marine  
  200  14:18  Ghost  
  196  14:24  Marine  
  196  14:25  Marauder  
  183  14:32  Marine  
  183  14:33  Marauder  
  167  14:41  Medivac x2  
  167  14:42  Ghost x2  
  167  14:44  SCV, Marine x2  
  167  14:45  Marine x3  
  160  14:46  Marauder  
  160  14:47  SCV x2, Marauder  
  160  14:48  SCV  
  160  14:52  Marine  
  165  14:54  Marauder  
  165  14:58  SCV  
  165  14:59  Refinery  
  166  15:01  SCV  
  166  15:02  Marine  
  166  15:03  SCV  
  169  15:07  Ghost  
  169  15:09  Marauder, Missile Turret  
  169  15:10  Ghost  
  169  15:11  Marauder, Medivac x2  
  181  15:15  Ghost  
  181  15:17  SCV  
  172  15:29  Marine x3  
  172  15:30  Marauder  
  172  15:31  SCV  
  172  15:33  SCV, Marauder  
  172  15:35  Marine x2  
  179  15:36  Marauder  
  179  15:39  Ghost  
  185  15:43  Marine, Ghost  
  185  15:47  SCV, Marine  
  187  15:51  SCV  
  187  15:52  Marauder  
  187  15:54  Marauder  
  172  16:07  Viking x2  
  172  16:08  Marine  
  172  16:09  Marauder x2, Marine x2  
  172  16:11  Marine  
  143  16:12  Marauder, Marine x2  
  143  16:13  Marauder  
  143  16:15  Marauder  
  143  16:17  SCV  
  119  16:26  Marine x2  
  119  16:27  Marine  
  119  16:28  Marine  
  119  16:29  Marine  
  119  16:31  Marauder x2  
  124  16:33  SCV, Marine  
  124  16:34  Marauder x2  
  124  16:37  Marauder, Viking x2  
  127  16:44  Marine x2  
  125  16:47  Marine x2  
  125  16:52  Marauder x2, Marine x2  
  130  16:59  Marauder, Marine  
  132  17:01  Marine  
  132  17:04  Orbital Command  
  132  17:07  Medivac  
  135  17:13  Marauder  
  139  17:17  Marauder  
Show
View Real Time Build Order
Export as new Build Order

GunGFuBanDa Protoss - Winner!

Build Orders: 1 Gate Expand, Oracle Opening, Blink Stalkers 

Get SALT Encoding   

  12  0:00  Probe  
  13  0:12  Probe  
  14  0:16  Pylon  
  14  0:24  Probe (Chrono Boost)  
  16  0:36  Probe (Chrono Boost), Gateway  
  16  0:42  Probe (Chrono Boost)  
  16  0:45  Assimilator  
  17  0:51  Probe  
  18  1:03  Probe  
  19  1:15  Probe  
  20  1:25  Cybernetics Core  
  20  1:33  Nexus  
  20  1:37  Probe  
  21  1:44  Pylon  
  21  1:49  Probe  
  21  1:54  Assimilator  
  22  2:01  Probe, Adept (Chrono Boost)  
  25  2:13  Probe  
  26  2:19  Stargate  
  26  2:25  Adept  
  26  2:26  Probe (Chrono Boost)  
  29  2:33  Warp Gate  
  30  2:38  Probe (Chrono Boost)  
  30  2:44  Probe (Chrono Boost)  
  30  2:45  Probe (Chrono Boost)  
  32  2:52  Shield Battery  
  32  2:55  Adept  
  32  2:56  Probe x2 (Chrono Boost)  
  36  3:08  Probe (Chrono Boost)  
  38  3:13  Probe (Chrono Boost)  
  40  3:23  Oracle  
  40  3:24  Probe x2 (Chrono Boost)  
  40  3:25  Twilight Council  
  42  3:28  Probe (Chrono Boost)  
  42  3:31  Probe  
  44  3:38  Pylon  
  44  3:39  Probe  
  43  3:43  Probe  
  44  3:52  Probe  
  44  3:54  Blink (Chrono Boost)  
  44  3:55  Probe  
  46  3:56  Gateway  
  46  3:58  Pylon  
  46  4:07  Probe  
  46  4:08  Probe  
  48  4:13  Nexus  
  48  4:19  Probe  
  49  4:31  Probe  
  47  4:34  Shield Battery, Stalker  
  47  4:35  Probe  
  47  4:38  Gateway  
  46  4:40  Gateway  
  46  4:43  Probe, Assimilator  
  47  4:47  Probe  
  47  4:50  Shield Battery  
  47  4:51  Stalker  
  50  4:55  Probe  
  50  4:59  Probe, Stalker  
  54  5:00  Robotics Facility  
  54  5:07  Probe  
  54  5:11  Probe  
  56  5:16  Stalker  
  56  5:17  Pylon  
  56  5:19  Probe  
  59  5:23  Probe, Stalker  
  59  5:28  Probe, Pylon  
  63  5:31  Probe, Charge (Chrono Boost)  
  63  5:33  Stalker  
  66  5:36  Probe  
  66  5:40  Probe  
  68  5:43  Probe  
  68  5:44  Immortal (Chrono Boost)  
  68  5:45  Stalker x2  
  77  5:52  Stalker  
  77  5:54  Shield Battery  
  79  6:01  Shield Battery  
  79  6:03  Pylon  
  79  6:11  Stalker  
  79  6:12  Zealot, Stalker  
  85  6:22  Pylon  
  85  6:23  Pylon  
  89  6:30  Warp Prism  
  89  6:31  Probe x2  
  89  6:33  Probe  
  89  6:36  Assimilator  
  89  6:37  Assimilator  
  89  6:39  Forge  
  90  6:41  Pylon  
  90  6:43  Probe x2  
  90  6:45  Probe  
  91  6:48  Zealot x4  
  99  6:54  Templar Archives  
  99  6:55  Probe x2  
  99  6:57  Probe, Forge  
  102  7:06  Pylon  
  102  7:07  Probe x2  
  104  7:10  Zealot x4  
  112  7:16  Gateway  
  112  7:18  Gateway  
  112  7:21  Observer, Psionic Storm, Protoss Ground Armor Level 1 (Chrono Boost)  
  113  7:29  Gateway  
  111  7:30  Gateway  
  111  7:32  Protoss Ground Weapons Level 1 (Chrono Boost), Pylon  
  111  7:36  Zealot x4  
  113  7:54  Probe x2  
  113  7:55  Warp Prism  
  105  8:01  High Templar x3  
  111  8:11  Zealot, Sentry  
  111  8:12  Nexus  
  115  8:14  Gateway  
  115  8:16  Gateway, Pylon  
  115  8:18  Pylon  
  115  8:25  High Templar  
  117  8:27  High Templar, Zealot  
  117  8:28  Probe  
  117  8:29  Probe x2  
  117  8:33  Photon Cannon, Pylon  
  124  8:39  Pylon  
  124  8:40  Pylon, Immortal  
  128  8:44  Zealot x3  
  134  8:50  Zealot x3  
  134  8:54  Observer  
  140  9:00  Robotics Bay  
  140  9:12  Protoss Ground Armor Level 2 (Chrono Boost)  
  140  9:17  Pylon  
  140  9:19  Immortal  
  140  9:20  Zealot x6  
  140  9:21  Protoss Ground Weapons Level 2 (Chrono Boost), Zealot  
  156  9:36  Assimilator  
  154  9:39  Shield Battery  
  152  9:48  Photon Cannon  
  152  9:54  Zealot x7  
  164  10:05  Archon  
  112  10:22  High Templar x4, Zealot x3  
  122  10:30  Observer (Chrono Boost)  
  122  10:34  Probe x2  
  117  10:37  Robotics Facility  
  117  10:39  Dark Shrine  
  117  10:41  Colossus (Chrono Boost)  
  119  10:54  Zealot x5  
  119  10:55  Zealot x5  
  139  11:03  Probe x2  
  141  11:04  Extended Thermal Lance (Chrono Boost)  
  141  11:05  Assimilator  
  141  11:06  Nexus  
  141  11:07  Pylon  
  141  11:11  Probe x2  
  143  11:13  Photon Cannon  
  143  11:15  High Templar  
  143  11:17  Colossus (Chrono Boost), Photon Cannon  
  143  11:18  Protoss Ground Armor Level 3 (Chrono Boost)  
  151  11:34  High Templar  
  151  11:39  Photon Cannon, Warp Prism (Chrono Boost), Shield Battery  
  153  11:40  Zealot x8  
  153  11:41  Assimilator  
  153  11:42  Observer  
  171  11:50  Probe  
  172  11:57  Protoss Ground Weapons Level 3 (Chrono Boost)  
  170  12:10  Dark Templar  
  170  12:12  Pylon  
  170  12:15  Probe  
  173  12:19  Zealot x9, Shadow Stride  
  173  12:22  Colossus  
  195  12:37  Gravitic Drive  
  195  12:47  Assimilator  
  193  12:59  Stalker x3  
  193  13:03  Shield Battery  
  197  13:11  Observer (Chrono Boost)  
  174  13:26  Gravitic Boosters, High Templar x2  
  159  13:27  Stalker x5  
  159  13:28  Stalker x3  
  159  13:30  Observer (Chrono Boost)  
  159  13:32  Observer (Chrono Boost)  
  168  13:49  Photon Cannon x2, Nexus  
  168  13:52  Pylon  
  168  13:56  Zealot x5  
  168  13:57  Zealot x3  
  168  13:58  Zealot x2  
  168  14:02  Disruptor  
  188  14:03  Disruptor  
  192  14:21  Stalker  
  192  14:22  Stalker x4  
  178  14:45  Protoss Shields Level 1 (Chrono Boost)  
  178  14:47  Zealot x9  
  178  14:48  Zealot  
  198  14:53  Warp Prism (Chrono Boost)  
  200  15:03  Probe x2  
  200  15:14  Observer  
  200  15:21  Gateway  
  192  15:32  Dark Templar x4  
  200  15:38  Archon  
  191  16:07  Colossus (Chrono Boost), Archon  
  191  16:08  Archon  
  172  16:11  Zealot x10  
  172  16:16  Colossus (Chrono Boost)  
  149  16:37  Stalker x11  
  172  17:01  Stalker, Sentry x3  
  176  17:05  Fleet Beacon  
  176  17:07  Stargate  
  182  17:10  Dark Templar  
  182  17:11  Dark Templar  
  182  17:12  Zealot x5  
  194  17:34  Zealot x7  
Tags
 
Add a new tag
Caveats
  • Supply blocks, unpowered buildings, or Contaminate may cause inaccurate times.
  • Supply counts are checked every 10 seconds.